 Dungeon Crawl Stone Soup version 0.25-a0-184-gcd15a05269 (webtiles) character file.

Game seed: 14858130142696876951, levelgen mode: deterministic

33640 Jindul the Covert (level 13, -6/99 HPs)
             Began as a Demonspawn Assassin on Nov 26, 2019.
             Was a High Priest of Trog.
             Splashed by an oklob plant's acid (14 damage)
             ... on level 1 of the Lair of Beasts on Nov 27, 2019.
             The game lasted 01:48:42 (15626 turns).

Jindul the Covert (Demonspawn Assassin)            Turns: 15626, Time: 01:48:55

Health: -6/99      AC:  6    Str: 13    XL:     13   Next: 37%
Magic:  22/22      EV: 25    Int: 12    God:    Trog [*****.]
Gold:   598        SH:  0    Dex: 24    Spells: 12/12 levels left

rFire    . . .     SeeInvis +   m - +7 short sword (drain)
rCold    + . .     Gourm    .   (no shield)
rNeg     . . .     Faith    .   H - +3 ring mail of Quantum Leap {rC+ Slay+3}
rPois    +         Spirit   .   S - +2 helmet {SInv}
rElec    .         Reflect  .   z - +2 cloak {rPois}
rCorr    .         Harm     .   (no gloves)
MR       .....                  (boots unavailable)
Stlth    ++++++....             (no amulet)
HPRegen  0.26/turn              w - ring of magical power
MPRegen  0.18/turn              I - +5 ring of evasion

@: agile, corroded
A: hooves 3, rugged brown scales 3, powered by death 1, powered by pain 3
a: Berserk, Trog's Hand, Brothers in Arms, Renounce Religion


You were on level 1 of the Lair of Beasts.
You worshipped Trog.
Trog was extremely pleased with you.
You were hungry.

You visited 3 branches of the dungeon, and saw 16 of its levels.

You collected 847 gold pieces.
You spent 249 gold pieces at shops.

Inventory:

Hand Weapons
 m - a +7 short sword of draining (weapon)
 Q - a +4 antimagic dagger
 R - the +9 falchion of Severance {holy, rPois Int-5 Dex+6, unknown}
   (You found it on level 1 of the Lair of Beasts)

   It has been blessed by the Shining One to cause great damage to the undead
   and demons.
   It affects your intelligence (-5).
   It affects your dexterity (+6).
   It protects you from poison.
 T - a +6 demon trident of draining
Missiles
 d - 66 poisoned darts
 i - 7 atropa-tipped darts (quivered)
 N - 6 curare-tipped darts
 W - 5 datura-tipped darts
Armour
 z - a +2 cloak of poison resistance (worn)
 D - the +1 robe of Elyvilon's Indignation {rF+ Str+4 Dex-2}
   (You found it on level 8 of the Dungeon)

   It affects your strength (+4).
   It affects your dexterity (-2).
   It protects you from fire.
 H - the +3 ring mail of Quantum Leap (worn) {rC+ Slay+3}
   (You found it on level 1 of the Lair of Beasts)

   It affects your accuracy and damage with ranged weapons and melee attacks
   (+3).
   It protects you from cold.
 P - a scarf of spirit shield
 S - a +2 helmet of see invisible (worn)
Jewellery
 p - a +3 ring of evasion
 w - a ring of magical power (left hand)
 x - an uncursed ring of protection from fire
 I - a +5 ring of evasion (right hand)
 J - a +4 ring of intelligence
 O - a +2 ring of protection
Wands
 h - a wand of scattershot (2)
 C - a wand of clouds (4)
 F - a wand of iceblast (10)
 G - a wand of digging (5)
 M - a wand of flame (25)
 X - a wand of random effects (8)
Scrolls
 a - 4 scrolls of blinking
 g - 2 scrolls of enchant armour
 j - 15 scrolls of identify
 k - 9 scrolls of remove curse
 l - 2 scrolls of magic mapping
 n - a scroll of random uselessness {unknown}
 q - 7 scrolls of teleportation
 r - 7 scrolls of fog
 s - 3 scrolls of fear
 K - a scroll of brand weapon
 L - 2 scrolls of enchant weapon
Potions
 b - 6 potions of brilliance
 c - 3 potions of invisibility
 t - 5 potions of curing
 v - 8 potions of heal wounds
 A - 4 potions of flight
 B - 2 potions of haste
 E - 2 potions of resistance
 U - a potion of ambrosia
 V - 3 potions of might
Comestibles
 f - 22 rations


   Skills:
 + Level 6.1 Fighting
 - Level 12.0 Short Blades
 + Level 7.5 Throwing
 + Level 5.5 Armour
 + Level 5.4 Dodging
 - Level 12.0 Stealth
 + Level 7.6 Unarmed Combat


You had 12 spell levels left.
You didn't know any spells.
Your spell library was empty.

Dungeon Overview and Level Annotations

Branches:
Dungeon (12/15)            Temple (1/1) D:6            Lair (3/6) D:8
  Swamp: Lair:2-4    Shoals: Lair:2-4     Snake: Lair:2-4    Spider: Lair:2-4
    Orc: D:9-12

Altars:
Ashenzari
Cheibriados
Dithmenos
Elyvilon
Fedhas
Gozag
Hepliaklqana
Kikubaaqudgha
Makhleb
Nemelex Xobeh
Okawaru
Qazlal
Ru
Sif Muna
Trog
Uskayaw
Vehumet
Wu Jian
Xom
Yredelemnul
Zin
The Shining One

Shops:
D:8 %   D:10 ?*   D:12 *(

Annotations:
D:10 exclusion: downstairs
D:12 Snorg
Lair:1 exclusion: 4 oklob plants
Lair:2 exclusion: hydra
Lair:3 exclusion: upstairs


Innate Abilities, Weirdness & Mutations

You have hooves in place of feet.
You are completely covered in rugged brown scales. (AC +3, +7% HP)
You regenerate a little health from kills.
You are powered by pain.


Message History

You fail to use your ability.
The oklob plant spits acid at you. The splash of acid hits you.
The acid corrodes you!
You are splashed with acid!
Your ogre goes berserk!
You are feeling hungry.
The oklob plant spits acid at you. The splash of acid hits you.
The acid corrodes you!
You are splashed with acid!
The oklob plant spits acid at you. The splash of acid hits you!
You are splashed with acid!
The oklob plant spits acid at you. The splash of acid hits you.
The acid corrodes you!
You are splashed with acid!
* * * LOW HITPOINT WARNING * * *
Your ogre hits the oklob plant with a +0 giant spiked club!!
The oklob plant spits acid at you. The splash of acid hits you!
* * * LOW HITPOINT WARNING * * *
You focus on the pain.
You feel agile all of a sudden. The acid corrodes you!
You are splashed with acid!
You die...

.##....##..####......#
.......##### #......#
.......# ##......#
.......## ###.......#
####....####.##......#
#P.................#
#P.................#
##...##.##.........# #
#...####.....@....#
####...# ##.........#
.......# #..........#
P##....# ##.........#
####...# #.........# #.(.#
##........#.# #...#
#....###..PP..
#...####.........O..).$
####...........#....PP$.$[#


You could see an oklob plant and a friendly ogre (berserk).

Vanquished Creatures
  Fannar (D:11)
  Harold (D:9)
  A hydra (D:11)
  5 two-headed ogres
  The ghost of Gebura the Cleaver, a novice FoFi of Gozag (D:9)
  Urug (Lair:3)
  An unseen horror (D:11)
  The ghost of pantherbaby the Sneak, a novice OpVM of Cheibriados (D:7)
  Pikel (D:5)
  An ugly thing (D:12)
  A manticore (D:11)
  2 cyclopes
  Maurice (D:12)
  2 black mambas (Lair:2)
  3 spiny frogs
  A gargoyle (D:11)
  2 kobold demonologists (D:11)
  An efreet (D:12)
  A rime drake (Lair:2)
  A komodo dragon (Lair:1)
  A queen bee (D:9)
  2 trolls (D:9)
  A hornet (D:9)
  Grinder (D:6)
  2 polar bears (Lair:3)
  3 hippogriffs
  7 blink frogs
  Sigmund (D:5)
  Eustachio (D:6)
  2 hogs (D:7)
  A wyvern (Lair:1)
  A human (D:7)
  36 yaks
  2 basilisks
  4 hungry ghosts
  Edmund (D:6)
  3 water moccasins
  9 porcupines
  3 black bears
  7 orc warriors
  4 ice beasts
  2 necrophages
  A phantom (D:7)
  15 wolves
  4 ogres
  4 boggarts (D:10)
  9 centaurs
  11 crocodiles
  3 big kobolds
  A bullfrog (shapeshifter) (D:12)
  12 bullfrogs
  A wyvern skeleton (D:11)
  5 scorpions
  A water moccasin skeleton (D:10)
  6 wights
  8 killer bees
  A howler monkey (D:5)
  An electric eel (Lair:3)
  8 crimson imps
  8 hounds
  5 jellies
  Crazy Yiuf (D:2)
  A gnoll shaman (D:7)
  5 bullfrog skeletons
  9 orc priests
  A centaur skeleton (D:6)
  Natasha (thrice) (D:3)
  2 iguanas (D:8)
  8 orc wizards
  17 worker ants
  A worker ant zombie (D:11)
  2 howler monkey skeletons
  10 adders
  2 shadow imps
  An ooze (D:3)
  2 adder skeletons
  An adder zombie (D:5)
  3 worms
  3 dart slugs
  4 leopard geckos
  51 orcs
  9 bats
  4 giant cockroaches
  7 goblins
  8 hobgoblins
  12 jackals
  13 kobolds
  4 quokkas
  2 ball pythons
  4 frilled lizards
  3 leopard gecko skeletons
  5 rats
  2 plants
427 creatures vanquished.

Vanquished Creatures (collateral kills)
  The ghost of an12 the Cleaver, a novice MiMo of Makhleb (D:8)
1 creature vanquished.

Vanquished Creatures (others)
  Menkaure (D:5)
  2 slaves (D:5)
  An orc priest (D:5)
  A bullfrog skeleton (D:5)
  A worker ant (D:5)
  An orc (D:5)
  2 gnoll zombies (D:5)
  A kobold (D:11)
  4 fungi
  3 plants
17 creatures vanquished.

Grand Total: 445 creatures vanquished

Notes
Turn   | Place    | Note
-------+----------+-------------------------------------------
     0 | D:1      | Jindul the Demonspawn Assassin began the quest for the Orb.
     0 | D:1      | Reached XP level 1. HP: 16/16 MP: 1/1
   271 | D:1      | Gained mutation: You sometimes gain a little power by
                  | taking damage. [demonic ancestry]
   271 | D:1      | Reached XP level 2. HP: 21/22 MP: 2/2
  1328 | D:2      | Reached XP level 3. HP: 22/28 MP: 3/3
  1511 | D:2      | Found a runed translucent door.
  1512 | D:2      | Noticed Crazy Yiuf
  1519 | D:2      | Killed Crazy Yiuf
  1519 | D:2      | Reached skill level 1 in Dodging
  1729 | D:2      | Gained mutation: You have large cloven feet. [demonic
                  | ancestry]
  1729 | D:2      | Reached XP level 4. HP: 34/34 MP: 4/4
  2228 | D:3      | Noticed Natasha
  2359 | D:3      | Killed Natasha
  2359 | D:3      | Reached skill level 1 in Armour
  2359 | D:3      | Gained mutation: You are partially covered in rugged brown
                  | scales. (AC +1, +3% HP) [demonic ancestry]
  2359 | D:3      | Reached XP level 5. HP: 34/40 MP: 5/5
  2373 | D:3      | Found a bloodstained altar of Trog.
  2377 | D:3      | Became a worshipper of Trog the Wrathful
  2417 | D:3      | Noticed Natasha
  2451 | D:3      | Killed Natasha
  2515 | D:3      | Noticed Natasha
  2529 | D:3      | Killed Natasha
  2709 | D:3      | Found a burning altar of Makhleb.
  3104 | D:4      | Reached skill level 5 in Stealth
  3104 | D:4      | Gained mutation: You are mostly covered in rugged brown
                  | scales. (AC +2, +5% HP) [demonic ancestry]
  3104 | D:4      | Reached XP level 6. HP: 41/48 MP: 6/6
  3157 | D:4      | Reached * piety under Trog
  3750 | D:4      | Reached XP level 7. HP: 29/54 MP: 7/7
  4196 | D:5      | Entered Level 5 of the Dungeon
  4250 | D:5      | Noticed Pikel
  4273 | D:5      | Killed Pikel
  4273 | D:5      | Gained mutation: You have hoof-like feet. [demonic
                  | ancestry]
  4273 | D:5      | Reached XP level 8. HP: 59/60 MP: 8/8
  4525 | D:5      | Found an ancient bone altar of Kikubaaqudgha.
  4542 | D:5      | Noticed Sigmund
  4566 | D:5      | Killed Menkaure
  4671 | D:5      | Reached skill level 5 in Short Blades
  4685 | D:5      | Reached skill level 1 in Unarmed Combat
  4742 | D:5      | Killed Sigmund
  4742 | D:5      | Reached ** piety under Trog
  4846 | D:5      | Found a basalt altar of Yredelemnul.
  5046 | D:6      | Noticed Grinder
  5136 | D:6      | Killed Grinder
  5160 | D:6      | Found an iron altar of Okawaru.
  5222 | D:6      | Found a staircase to the Ecumenical Temple.
  5248 | D:6      | Gained mutation: You sometimes gain power by taking damage.
                  | [demonic ancestry]
  5248 | D:6      | Reached XP level 9. HP: 66/66 MP: 9/9
  5506 | D:6      | Noticed Edmund
  5526 | D:6      | Killed Edmund
  5717 | D:6      | Noticed Eustachio
  5719 | D:6      | Found a sparkling altar of Nemelex Xobeh.
  5724 | D:6      | Killed Eustachio
  5755 | D:6      | Found an ornate altar of the Wu Jian Council.
  5768 | D:6      | Found an iron altar of Okawaru.
  5768 | D:6      | Found a shattered altar of Ashenzari.
  5781 | D:6      | Found a shimmering blue altar of Sif Muna.
  5853 | D:6      | Found a hazy altar of Hepliaklqana.
  6481 | D:7      | Reached skill level 5 in Throwing
  6493 | D:7      | Reached *** piety under Trog
  6699 | D:7      | Found a sacrificial altar of Ru.
  6809 | D:7      | Found a runed translucent gate.
  6810 | D:7      | Found a runed translucent gate.
  6811 | D:7      | Found a runed translucent gate.
  6811 | D:7      | Noticed a cyclops
  6815 | D:7      | Noticed pantherbaby's ghost (novice OpVM)
  7161 | D:7      | Received a gift from Trog
  7482 | D:7      | Killed a cyclops
  7482 | D:7      | Gained mutation: You regenerate a little health from kills.
                  | [demonic ancestry]
  7482 | D:7      | Reached XP level 10. HP: 56/73 MP: 10/10
  7498 | D:7      | Killed pantherbaby's ghost
  7667 | D:7      | Upgraded the game from 0.25-a0-177-gd145f35b4e to
                  | 0.25-a0-184-gcd15a05269
  7762 | D:8      | Noticed a two-headed ogre
  7839 | D:8      | Killed a two-headed ogre
  7870 | D:8      | Reached skill level 10 in Stealth
  8063 | D:8      | Found a staircase to the Lair.
  8132 | D:8      | Found Suomuh's Food Emporium.
  8177 | D:8      | Reached skill level 5 in Unarmed Combat
  8212 | D:8      | Found a transporter.
  8301 | D:8      | Got a colourful robe
  8329 | D:8      | Identified the +1 robe of Elyvilon's Indignation {rF+ Str+4
                  | Dex-2} (You found it on level 8 of the Dungeon)
  8369 | D:8      | Found a transporter.
  8369 | D:8      | Noticed an12's ghost (novice MiMo)
  8504 | D:8      | Found a white marble altar of Elyvilon.
  8663 | D:9      | Gained mutation: You have hooves in place of feet. [demonic
                  | ancestry]
  8663 | D:9      | Reached XP level 11. HP: 74/78 MP: 11/11
  8832 | D:9      | Found a transporter.
  8834 | D:9      | Found a transporter.
  8846 | D:9      | Noticed Gebura's ghost (novice FoFi)
  8981 | D:9      | Reached **** piety under Trog
  8987 | D:9      | Noticed Harold
  8999 | D:10     | Entered Level 10 of the Dungeon
  9157 | D:10     | Noticed a two-headed ogre
  9160 | D:10     | Killed a two-headed ogre
  9368 | D:10     | Received a gift from Trog
  9491 | D:10     | Found Rycuwuah's Magic Scroll Emporium.
  9518 | D:10     | Bought a scroll of blinking for 105 gold pieces
  9738 | D:10     | Found Heuf Ynk's Assorted Antiques.
  9743 | D:10     | Bought a scroll labeled ZAAGUM QIPNE for 38 gold pieces
  9743 | D:10     | Bought a ring of evasion for 76 gold pieces
  9808 | D:11     | Noticed Fannar
  9839 | D:11     | Killed Fannar
  9958 | D:11     | Found a white marble altar of Elyvilon.
  9973 | D:11     | Received a gift from Trog
 10112 | D:11     | Reached skill level 10 in Short Blades
 10115 | D:11     | Noticed a seven-headed hydra
 10149 | D:11     | Reached ***** piety under Trog
 10196 | D:11     | Noticed a two-headed ogre
 10251 | D:11     | Killed a two-headed ogre
 10335 | D:11     | Found Daugoil's Antique Weapon Emporium.
 10907 | D:11     | Received a gift from Trog
 11155 | D:9      | Killed Harold
 11155 | D:9      | Gained mutation: You are powered by pain. [demonic
                  | ancestry]
 11155 | D:9      | Reached XP level 12. HP: 70/85 MP: 12/12
 11242 | D:9      | Noticed a two-headed ogre
 11290 | Lair:1   | Entered Level 1 of the Lair of Beasts
 11317 | Lair:1   | Received a gift from Trog
 11631 | Lair:1   | Got a smoking ring mail
 11642 | Lair:1   | Identified the +3 ring mail of Quantum Leap {rC+ Slay+3}
                  | (You found it on level 1 of the Lair of Beasts)
 11971 | Lair:1   | Received a gift from Trog
 11984 | Lair:1   | Got a jewelled falchion
 12384 | Lair:2   | Noticed a seven-headed hydra
 12720 | Lair:2   | Noticed an eight-headed hydra
 12724 | Lair:3   | Noticed Urug
 12726 | Lair:3   | Killed Urug
 12772 | Lair:3   | Reached skill level 5 in Fighting
 13620 | Lair:3   | Identified a scroll of acquirement
 13673 | Lair:2   | Gained mutation: You are completely covered in rugged brown
                  | scales. (AC +3, +7% HP) [demonic ancestry]
 13673 | Lair:2   | Reached XP level 13. HP: 85/97 MP: 13/13
 13903 | Temple   | Entered the Ecumenical Temple
 14229 | D:8      | Received a gift from Trog
 14231 | D:8      | Killed an12's ghost
 14593 | D:9      | Killed Gebura's ghost
 14593 | D:9      | Reached skill level 5 in Armour
 14593 | D:9      | Reached skill level 5 in Dodging
 14795 | D:12     | Found Moharuf's General Store.
 14797 | D:12     | Found Lah Uxam's Weapon Emporium.
 14802 | D:12     | Bought 5 datura-tipped darts for 30 gold pieces
 14841 | D:12     | Received a gift from Trog
 14851 | D:12     | Noticed Maurice
 14860 | D:12     | Killed Maurice
 15164 | D:12     | Noticed Snorg
 15626 | Lair:1   | Splashed by an oklob plant's acid

Levels and vault maps discovered:
D:1:      mushboom_english_gardens, layout_basic, dk_noncrumbling_4,
          minmay_pentomino_q2
D:2:      kennysheep_big_flooded_room, layout_loops_cross,
          uniq_crazy_yiuf_cottage
D:3:      layout_loops_cross, old_standard_altar, bloody_trog,
          minmay_randomly_rotated_circles, uniq_natasha
D:4:      layout_gridville, first_ration
D:5:      layout_rooms, lemuel_zombie_altar_yredelemnul, lemuel_crystal_altar,
          serial_glass, glass_columns_b, glass_columns_a, feat_on_display,
          due_unseen_surprise, st_stairs_9, zaba_anthole, uniq_pikel,
          uniq_menkaure, uniq_sigmund
D:6:      layout_cave_pods, lemuel_crystal_altar,
          minmay_overflow_temple_star_hex, minmay_temple_entry_offerings,
          okawaru_metal_pillars_1_2, uniq_eustachio, uniq_grinder, uniq_edmund
D:7:      layout_layer_cave, nicolae_overflow_crystal_walls,
          gammafunk_ghost_split, minmay_misc_feat_pillars, grunt_livestock,
          minmay_microvault
D:8:      layout_basic, kennysheep_mini_moat, minmay_lair_entry_grove,
          serial_shops, shop, gammafunk_ghost_mausoleum
D:9:      layout_rooms, gammafunk_ghost_hive, uniq_harold
D:10:     layout_roguey, serial_shops, kennysheep_little_box, nicolae_shop_stone
D:11:     minmay_bloctagon, layout_basic, serial_shops, shop, elyvilon_altar_5,
          uniq_fannar
D:12:     layout_rooms, minmay_orc_entry_temple_small, serial_shops,
          nicolae_shop_crystal, nicolae_shop_temple_entry_statues_fountains,
          shop, gammafunk_ghost_nasty_kobolds, minivault_16,
          ebering_dispersal_statue_hall, nicolae_looking_at_the_future,
          uniq_maurice, uniq_snorg
Temple:   dpeg_chambers_temple
Lair:1:   layout_chaotic_city, minmay_lair_oklob_chamber,
          infiniplex_staircase_pool
Lair:2:   layout_cave_pods
Lair:3:   layout_long_grid, serial_bayou_shore_a, serial_bayou_shore_b,
          uniq_urug

Skill      XL: |  1  2  3  4  5  6  7  8  9 10 11 12 13 |
---------------+----------------------------------------+-----
Throwing       | 2 3 4 5 6 7 |  7.5
Stealth        | 4 5 6 7 9 10 12 | 12.0
Short Blades   | 2 3 4 6 7 9 11 12 | 12.0
Dodging        | 1 2 3 4 5 |  5.4
Armour         | 1 2 3 4 5 |  5.5
Fighting       | 3 5 6 |  6.1
Unarmed Combat | 2 3 5 6 7 |  7.6

Action                   |  1- 3 |  4- 6 |  7- 9 | 10-12 | 13-15 || total
-------------------------+-------+-------+-------+-------+-------++-------
Melee: Dagger            |    81 |   177 |       |       |       ||   258
       Kick              |       |    62 |    97 |   293 |    65 ||   517
       Short sword       |       |    48 |   300 |   907 |   172 ||  1427
       Punch             |       |       |     3 |    25 |     8 ||    36
Throw: Dart              |       |     5 |     8 |    13 |     5 ||    31
Invok: Berserk           |       |       |     3 |     4 |     1 ||     8
       Trog's Hand       |       |       |       |     1 |       ||     1
       Brothers in Arms  |       |       |       |       |     2 ||     2
Evoke: Wand              |       |       |     3 |     1 |     4 ||     8
  Use: Scroll            |     3 |    11 |     8 |     7 |       ||    29
       Potion            |       |       |     2 |       |       ||     2
 Stab: Sleeping          |    14 |     1 |     6 |    15 |     1 ||    37
       Distracted        |       |       |     3 |     3 |     2 ||     8
       Invisible         |       |       |       |       |     2 ||     2
  Eat: Chunk             |     2 |     7 |    12 |    20 |     5 ||    46
       Ration            |       |       |     1 |     1 |     2 ||     4
Armor: Robe              |     9 |       |       |       |       ||     9
       Quicksilver drago |     7 |    92 |    95 |   139 |       ||   333
       Ring mail         |       |       |       |    32 |    26 ||    58
Dodge: Dodged            |    35 |   148 |   211 |   578 |    91 ||  1063

Table legend:
 A = Non-vault XP
 B = Vault XP
 C = Vault XP percentage of total XP
 D = Non-vault monster count
 E = Vault monster count
 F = Vault count percentage of total count
                 A         B        C        D         E       F
            +---------+---------+-------+---------+---------+-------
      Total |   32070 |   15988 |  33.3 |     342 |      84 |  19.7
            +---------+---------+-------+---------+---------+-------
        D:1 |      24 |       2 |   7.7 |      14 |       1 |   6.7
        D:2 |      30 |      46 |  60.5 |      15 |       3 |  16.7
        D:3 |     169 |      99 |  36.9 |      21 |       7 |  25.0
        D:4 |     370 |       0 |   0.0 |      15 |       0 |   0.0
        D:5 |     498 |     908 |  64.6 |      19 |      10 |  34.5
        D:6 |     991 |     668 |  40.3 |      21 |       3 |  12.5
        D:7 |     447 |    2396 |  84.3 |      16 |      12 |  42.9
        D:8 |    2409 |    2737 |  53.2 |      29 |      17 |  37.0
        D:9 |    2815 |    2874 |  50.5 |      24 |      11 |  31.4
       D:10 |    2345 |       0 |   0.0 |      27 |       0 |   0.0
       D:11 |    4053 |    4491 |  52.6 |      45 |      15 |  25.0
       D:12 |    3138 |     517 |  14.1 |      17 |       3 |  15.0
     Lair:1 |    6654 |     403 |   5.7 |      34 |       1 |   2.9
     Lair:2 |    4263 |       0 |   0.0 |      21 |       0 |   0.0
     Lair:3 |    3864 |     847 |  18.0 |      24 |       1 |   4.0
            +---------+---------+-------+---------+---------+-------
